 Dungeon Crawl Stone Soup version 0.27.1-34-g3ba077fa99 (webtiles) character file.

Game seed: 4454479959320759335

35 mcbry74 the Insei (level 3, 0/26 HPs)
             Began as a Merfolk Transmuter on Jan 25, 2022.
             Was a Follower of Wu Jian.
             Slain by a gnoll (4 damage)
             ... on level 1 of the Dungeon.
             The game lasted 00:06:11 (1427 turns).

mcbry74 the Insei (Merfolk Transmuter)              Turns: 1427, Time: 00:06:12

Health: 0/26       AC:  2    Str: 10    XL:     3   Next: 35%
Magic:  5/6        EV: 12    Int: 13    God:    Wu Jian [*.....]
Gold:   40         SH:  0    Dex: 14    Spells: 5/6 levels left

rFire    . . .     SeeInvis .     - Unarmed
rCold    . . .     Faith    .   (no shield)
rNeg     . . .     Spirit   .   a - +0 robe
rPois    .         Reflect  .   (helmet currently unavailable)
rElec    .         Harm     .   (no cloak)
rCorr    .         Rampage  .   (no gloves)
Will     .....                  (boots currently unavailable)
Stlth    ++........             (no amulet)
HPRegen  0.08/turn              (no ring)
MPRegen  0.10/turn              (no ring)

@: appendages
A: horns 2, (nimble swimmer 2), mertail
a: End Transformation, Renounce Religion


You were on level 1 of the Dungeon.
You worshipped Wu Jian.
Wu Jian was aware of your devotion.
You had temporarily grown beastly horns.
You visited 1 branch of the dungeon, and saw 2 of its levels.

You collected 40 gold pieces.

Inventory:

Missiles
 g - 2 atropa-tipped darts
 i - 9 sling bullets
Armour
 a - a +0 robe (worn)
Scrolls
 b - 3 scrolls of identify {unknown}
 d - a scroll of blinking {unknown}
 f - a scroll of vulnerability {unknown}
 h - a scroll of noise {unknown}
Potions
 c - 2 potions of brilliance {unknown}
 e - a potion of might {unknown}
 j - 2 potions of cancellation {unknown}


   Skills:
 - Level 1.1 Fighting
 - Level 2.6 Dodging
 + Level 2.3 Stealth
 + Level 4.1 Unarmed Combat
 - Level 2.0 Spellcasting
 - Level 2.6 Transmutations


You had 5 spell levels left.
You knew the following spells:

 Your Spells              Type           Power      Damage    Failure   Level
a - Beastly Appendage     Tmut           16%        N/A       9%          1

Your spell library contained the following spells:

 Spells                   Type           Power      Damage    Failure   Level
 Wereblood                Tmut           8%         N/A       13%         2
 Magic Dart               Conj           4%         1d3       26%         1
 Searing Ray              Conj           2%         3d3       36%         2
 Spider Form              Tmut/Pois      2%         N/A       41%         3
 Ice Form                 Ice/Tmut       4%         N/A       82%         4
 Fulminant Prism          Conj/Hex       0%         3d6       94%         4


Dungeon Overview and Level Annotations

Branches:
Dungeon (2/15)

Altars:
Wu Jian


Innate Abilities, Weirdness & Mutations

You have temporarily grown beastly horns.
((You are quick and stealthy near water. (Stealth+, EV+, Speed+++)))
Your lower body shifts to a powerful aquatic tail in water.


Message History

The gnoll hits you with a +0 spear. The gnoll closely misses you.
Found 22 arrows and 9 gold pieces.
Found 8 gold pieces.
You lunge at the gnoll.
You barely miss the gnoll.
The gnoll shouts!
You punch the gnoll.
You kill the gnoll!
The Council accepts your kill. The gnoll hits you with a +0 whip.
You barely miss the gnoll. The gnoll barely misses you.
You hit the gnoll. You punch the gnoll.
The gnoll is moderately wounded.
The gnoll misses you.
You closely miss the gnoll.
The gnoll is moderately wounded.
You spin and attack the gnoll.
You barely miss the gnoll.
The gnoll is moderately wounded.
The gnoll hits you with a +0 whip.
* * * LOW HITPOINT WARNING * * *
There is a stone staircase leading down here.
There is a stone staircase leading up here.
The gnoll barely misses you.
You climb upwards.
There is a stone staircase leading down here.
You lunge at the gnoll, in a flurry of attacks.
You hit the gnoll.
The gnoll is moderately wounded.
You hit the gnoll but do no damage.
The gnoll is moderately wounded.
The gnoll completely misses you. The gnoll misses you.
You spin and attack the gnoll.
You hit the gnoll.
The gnoll is heavily wounded.
The gnoll hits you with a +0 whip!
* * * LOW HITPOINT WARNING * * *
Casting: Beastly Appendage (safe; 9% risk of failure)
Confirm with . or Enter, or press ? or * to list all spells.
You grow a pair of large bovine horns.
The gnoll hits you with a +0 whip.
You die...

#.# #.≈§≈§.##...........#
#.## #.≈≈≈§.###.#...####.# #
#..###......###.###.#..#.#
####....###''###.......#....#
......#.# #<.###.#.##.....###
.##.#.).# ####...#.#†.....#
.##...########.###.#.####.#
.####.............÷#.)....#
.# #..........g@.....##### .#
#.................# .#
#.................# .#
#.................# .#
#.................# .#
#.................# .#
#.................#
.##################.###
......# #.#


You could see a gnoll.

Vanquished Creatures
  A gnoll (D:2)
  5 bats (D:1)
  3 endoplasms
  A giant cockroach (D:1)
  2 goblins (D:1)
  2 hobgoblins
  2 jackals (D:1)
  A kobold (D:1)
  A quokka (D:1)
  A frilled lizard (D:1)
  5 rats (D:1)
24 creatures vanquished.

Notes
Turn   | Place    | Note
-------+----------+-------------------------------------------
     0 | D:1      | mcbry74 the Merfolk Transmuter began the quest for the Orb.
     0 | D:1      | Reached XP level 1. HP: 15/15 MP: 3/3
   229 | D:1      | Reached skill level 1 in Stealth
   257 | D:1      | Found a faded altar of an unknown god.
   270 | D:1      | Reached XP level 2. HP: 18/21 MP: 5/5
   323 | D:1      | Became a worshipper of the Wu Jian Council
   323 | D:1      | Reached * piety under Wu Jian
  1187 | D:2      | Reached XP level 3. HP: 20/26 MP: 4/6
  1271 | D:2      | Reached skill level 4 in Unarmed Combat
  1427 | D:1      | Slain by a gnoll

Illustrated notes

Levels and vault maps discovered:
D:1:      lightli_arrival_lavapool, layout_basic,
          hellmonk_ecumenical_altar_lost_god
D:2:      layout_loops_ring

Skill      XL: |  1  2  3 |
---------------+----------+-----
Stealth        | 1 2 |  2.3
Unarmed Combat | 4 |  4.1
Fighting       | |  1.1
Dodging        | |  2.6
Spellcasting   | |  2.0
Transmutations | |  2.6

Action                   || total
-------------------------++-------
Melee: Unarmed           ||    93
       Punch             ||     3
 Cast: Beastly Appendage ||     2
Invok: Whirlwind         ||     8
       Lunge             ||     5
 Stab: Sleeping          ||     1
Armor: Robe              ||    16
Dodge: Dodged            ||    62
